 Dungeon Sprint DCSS version 0.32-a0-473-gd044c6f0f0 (webtiles) character file.

Game seed: 8766219158334477884

485 rocky1 the Basher (level 7, -10/81 HPs)
             Began as an Oni Gladiator on Feb 26, 2024.
             Was an Initiate of Gozag.
             Mangled by a two-headed ogre
             ... wielding a +0 dire flail
              (24 damage)
             ... in the Dungeon (Sprint IX: "|||||||||||||||||||||||||||||").
             The game lasted 00:01:19 (216 turns).

rocky1 the Basher (Oni Gladiator)                    Turns: 216, Time: 00:01:19

Health: -10/81     AC:  3    Str: 27    XL:     7   Next: 13%
Magic:  7/7        EV: 12    Int:  9    God:    Gozag
Gold:   0          SH:  0    Dex: 10    Spells: 6/6 levels left

rFire   . . .        o - +2 dire flail (venom)
rCold   . . .        (shield currently unavailable)
rNeg    . . .        b - +0 robe
rPois   .            c - +0 hat
rElec   .            (no cloak)
rCorr   .            (gloves unavailable)
SInv    .            (boots unavailable)
Will    .....        (no amulet)
Stlth   ++           p - +3 ring of strength
HPRegen 0.33/turn    q - +3 ring of strength
MPRegen 0.10/turn

%: no teleportation
@: gold aura, invisible
A: large, unfitting armour, horns 1, tough skin 1, double potion healing,
drunken brawling
a: Renounce Religion, Potion Petition, Call Merchant, Bribe Branch


You were in the Dungeon.
You worshipped Gozag.
Gozag was noncommittal.
You visited 1 branch

Inventory:

Hand Weapons
 a - a +0 flail
 o - a +2 dire flail of venom (weapon)
Missiles
 d - 2 throwing nets (quivered)
 e - a large rock
Armour
 b - a +0 robe (worn)
 c - a +0 hat (worn)
Jewellery
 p - a +3 ring of strength (left hand)
 q - a +3 ring of strength (right hand)
Wands
 n - a wand of light (10)
Scrolls
 k - 2 scrolls of blinking
 m - 2 scrolls of amnesia
Potions
 f - 5 potions of curing
 h - a potion of haste
 i - 4 potions of magic
 j - a potion of berserk rage
 l - a potion of heal wounds


   Skills:
 + Level 8.9 Fighting
 + Level 10.1 Maces & Flails
 - Level 2.2 Throwing
 + Level 8.1 Dodging
 + Level 2.7 Stealth


You had 6 spell levels left.
You didn't know any spells.
Your spell library was empty.

Dungeon Overview and Level Annotations

Branches:
Dungeon (1/1)

Altars:
Cheibriados
Dithmenos
Elyvilon
Fedhas
Gozag
Hepliaklqana
Kikubaaqudgha
Makhleb
Nemelex Xobeh
Okawaru
Qazlal
Ru
Sif Muna
Trog
Uskayaw
Vehumet
Wu Jian
Xom
Yredelemnul
Zin
The Shining One
Beogh
Jiyva
Lugonu


Innate Abilities, Weirdness & Mutations

You are too large for most types of armour.
You have a pair of small horns on your head.
You have tough skin. (AC +1)
You gain doubled healing and magic from potions.
Whenever you drink a healing potion, you attack all around you.


Message History

Your Dodging skill increases to level 7!
Your Stealth skill gained 2 levels and is now at level 2!
You have reached level 6!
You feel stronger.
Unknown command.
You hit the yak.
The yak is poisoned.
Your headbutt misses the yak.
The yak is lightly wounded.
The yak barely misses you.
You puncture the yak!
The yak looks as sick as possible!
The yak is severely wounded.
The yak gores you.
You hit the yak. You headbutt the yak, but do no damage.
The yak is severely wounded.
You puncture the yak!
You kill the yak!
The two-headed ogre is distracted by your dazzling golden aura.
Your Maces & Flails skill increases to level 10!
Your Dodging skill increases to level 8!
You have reached level 7!
There is an open door to the Dungeon, spattered with blood here.
You see here 288 gold pieces.
You barely miss the two-headed ogre.
The two-headed ogre is no longer distracted by gold.
The two-headed ogre shouts in stereo!
You headbutt the two-headed ogre.
The two-headed ogre is lightly wounded.
The two-headed ogre closely misses you. The two-headed ogre barely misses you.
You hit the two-headed ogre.
The two-headed ogre is poisoned.
You headbutt the two-headed ogre, but do no damage.
The two-headed ogre is lightly wounded.
You strike the helpless two-headed ogre from behind!
You bludgeon the two-headed ogre!!
The two-headed ogre looks as sick as possible!
Your headbutt misses the two-headed ogre.
The two-headed ogre is heavily wounded.
The two-headed ogre hits you with a +0 dire flail!!
* * * LOW HITPOINT WARNING * * *
The two-headed ogre hits you with a +0 great mace!!
You die...
Your body crumbles into a pile of gold.

▓.▓
▓)▓
▓.▓
▓[▓
▓[▓
▓[▓
▓.▓
▓.▓
▓@▓
▓O▓
▓W▓
▓T▓
▓o▓
▓.▓
▓.▓
▓+▓


You could see a two-headed ogre (unable to see you, extremely poisoned), a troll
(unable to see you), a wraith and an orc wizard (unable to see you).

Vanquished Creatures
  A troll (D)
  A yak (D)
  A scorpion (D)
  A bombardier beetle (D)
  An orc wizard (D)
  2 orcs (D)
  2 ball pythons (D)
  2 jackals (D)
  A kobold (D)
12 creatures vanquished.

Notes
Turn   | Place    | Note
-------+----------+-------------------------------------------
     0 | D        | rocky1 the Oni Gladiator began the quest for the Orb.
     0 | D        | Reached XP level 1. HP: 22/22 MP: 1/1
    23 | D        | Reached XP level 2. HP: 14/31 MP: 2/2
    94 | D        | Noticed a scorpion
    94 | D        | Noticed a bombardier beetle
   108 | D        | Reached skill level 4 in Maces & Flails
   108 | D        | Reached XP level 3. HP: 39/39 MP: 3/3
   115 | D        | Killed a scorpion
   116 | D        | Reached skill level 5 in Fighting
   116 | D        | Reached skill level 6 in Maces & Flails
   116 | D        | Reached skill level 5 in Dodging
   116 | D        | Reached XP level 4. HP: 47/50 MP: 4/4
   123 | D        | Reached XP level 5. HP: 56/59 MP: 5/5
   150 | D        | Found a roughly hewn altar of Beogh.
   150 | D        | Found a snail-covered altar of Cheibriados.
   150 | D        | Found a shadowy altar of Dithmenos.
   150 | D        | Found a white marble altar of Elyvilon.
   150 | D        | Found a blossoming altar of Fedhas.
   150 | D        | Found an opulent altar of Gozag.
   151 | D        | Found a hazy altar of Hepliaklqana.
   152 | D        | Found a viscous altar of Jiyva.
   153 | D        | Found an ancient bone altar of Kikubaaqudgha.
   154 | D        | Found a corrupted altar of Lugonu.
   155 | D        | Found a burning altar of Makhleb.
   156 | D        | Found a sparkling altar of Nemelex Xobeh.
   157 | D        | Found an iron altar of Okawaru.
   158 | D        | Became a worshipper of Gozag Ym Sagoz the Greedy
   159 | D        | Found a stormy altar of Qazlal.
   160 | D        | Found a sacrificial altar of Ru.
   161 | D        | Found a shimmering blue altar of Sif Muna.
   162 | D        | Found a bloodstained altar of Trog.
   163 | D        | Found a hide-covered altar of Uskayaw.
   164 | D        | Found a radiant altar of Vehumet.
   165 | D        | Found an ornate altar of the Wu Jian Council.
   166 | D        | Found a shimmering altar of Xom.
   167 | D        | Found a basalt altar of Yredelemnul.
   168 | D        | Found a glowing silver altar of Zin.
   169 | D        | Found a glowing golden altar of the Shining One.
   197 | D        | Noticed a troll
   197 | D        | Noticed a yak
   197 | D        | Noticed a two-headed ogre
   197 | D        | Noticed a wraith
   197 | D        | Noticed a troll
   208 | D        | Killed a troll
   209 | D        | Reached skill level 9 in Maces & Flails
   209 | D        | Reached XP level 6. HP: 30/72 MP: 6/6
   212 | D        | Killed a yak
   213 | D        | Reached skill level 10 in Maces & Flails
   213 | D        | Reached XP level 7. HP: 34/81 MP: 7/7
   216 | D        | Mangled by a two-headed ogre

Illustrated notes

Levels and vault maps discovered:
D:        linesprint [early_d, line_temple, items_1, d_10, items_2, lair_1,
          lair_end, items_3, orc_1, orc_end, items_4, d_15, swamp_1, shoals_1,
          snake_1, spider_1, d_20, vaults_1, items_5, swamp_end, shoals_end,
          snake_end, spider_end, vaults_end, d_27, items_6, zot_1, zot_end,
          crypt_end, forest_end, elf_end, slime_end, tomb_end, abyss_end,
          pan_hell_end]

Skill      XL: |  1  2  3  4  5  6 |
---------------+-------------------+-----
Dodging        | 3 4 5 6 7 8 |  8.1
Fighting       | 3 5 8 |  8.9
Maces & Flails | 4 6 9 10 | 10.1
Stealth        | 2 |  2.7
Throwing       | |  2.2

Action                     |  1- 3 |  4- 6 |  7- 9 || total
---------------------------+-------+-------+-------++-------
  Melee: Flail             |    37 |     9 |       ||    46
         Headbutt          |     5 |     6 |     2 ||    13
         Dire flail        |       |    13 |     3 ||    16
  Throw: Throwing net      |     1 |       |       ||     1
    Use: Potion            |     1 |     2 |       ||     3
   Stab: Held in net/web   |     1 |       |       ||     1
         Invisible         |       |     1 |     1 ||     2
 Armour: Robe              |    29 |    19 |     2 ||    50
  Dodge: Dodged            |    12 |    18 |     2 ||    32

Table legend: (Time is in decaauts)
 A = Elapsed time spent in this place.
 B = Non-inter-level travel time spent in this place.
 C = Inter-level travel time spent in this place.
 D = Time resting spent in this place.
 E = Time spent auto-exploring this place.
 F = Levels seen in this place.
 G = Mean time per level.
                   A        B        C        D        E       F      G
               +--------+--------+--------+--------+--------+-----+--------+
         Total |    222 |    222 |      0 |     84 |      0 |   1 |  222.0 |
       Dungeon |    222 |    222 |      0 |     84 |      0 |   1 |  222.0 |
               +--------+--------+--------+--------+--------+-----+--------+

Top non-repeatable levels by time:
       D: 222 daAuts
